 Dungeon Crawl Stone Soup version 0.23-a0-143-g1adec7b (webtiles) character file.

5 Amnesiac the Vexing (level 1, -3/15 HPs)
             Began as a Mummy Arcane Marksman on Sept 2, 2018.
             Slain by a goblin (4 damage)
             ... on level 1 of the Dungeon.
             The game lasted 00:00:39 (250 turns).

Amnesiac the Vexing (Mummy Arcane Marksman)          Turns: 250, Time: 00:00:39

Health: -3/15      AC:  2    Str: 13    XL:     1   Next: 66%
Magic:  0/3        EV: 12    Int: 12    God:
Gold:   21         SH:  0    Dex: 12    Spells: 2/3 levels left

rFire    x . .     SeeInvis .   b - +0 whip
rCold    + . .     Gourm    .   (no shield)
rNeg     + + +     Faith    .   e - +0 robe
rPois    ∞         Spirit   .   (no helmet)
rElec    .         Reflect  .   (no cloak)
rCorr    .         Harm     .   (no gloves)
MR       .....                  (no boots)
Stlth    +.........             (no amulet)
HPRegen  0.05/turn              (no ring)
MPRegen  0.08/turn              (no ring)

@: very slightly contaminated
A: no food or potions, fire vulnerability, cold resistance 1, negative energy
resistance 3, torment resistance, unbreathing
a: no special abilities


You were on level 1 of the Dungeon.
You were not hungry.

You visited 1 branch of the dungeon, and saw 1 of its levels.

You collected 21 gold pieces.

Inventory:

Hand Weapons
 a - a +0 hand crossbow
 b - a +0 whip (weapon)
Missiles
 c - 2 throwing nets (quivered)
 d - 41 bolts
 f - 15 stones
Armour
 e - a +0 robe (worn)


   Skills:
 + Level 1.1 Fighting
 * Level 1.8 Crossbows
 - Level 1.5 Dodging
 - Level 1.5 Spellcasting
 + Level 2.7 Hexes


You had 2 spell levels left.
You knew the following spells:

 Your Spells              Type           Power        Failure   Level  Hunger
a - Corona                Hex            #......      10%         1    N/A

Your spell library contained the following spells:

 Spells                   Type           Power        Failure   Level  Hunger
 Slow                     Hex            #.......     14%         2    N/A
 Inner Flame              Hex/Fire       #.......     43%         3    N/A
 Portal Projectile        Hex/Tloc       #.....       43%         3    N/A
 Cause Fear               Hex            #.........   67%         4    N/A
 Leda's Liquefaction      Hex/Erth       #.........   85%         4    N/A

Dungeon Overview and Level Annotations

Branches:
Dungeon (1/15)

Altars:


Innate Abilities, Weirdness & Mutations

You do not eat or drink.
Your flesh is vulnerable to fire.
You are immune to poison.
Your flesh is cold resistant. (rC+)
You are immune to negative energy. (rN+++)
You are immune to unholy pain and torment.
You can survive without breathing.


Message History

Do you wish to (r)edefine, (c)lear, or (a)bort?
Input macro action: zaf Created macro '\{-1015}' => 'zaf'. (m)acro, (M)acro raw, keymap [(k) default, (x) level-map, (t)argeting, Saving macros.
Casting: Corona (safe; 10% risk of failure)
Confirm with . or Enter, or press ? or * to list all spells.
Aiming: Corona (safe; 10% risk of failure)
Press: ? - help, Shift-Dir - straight line, f - bat
Aim: a bat (chance to defeat MR: 59%)
You miscast Corona.
You are very lightly contaminated with residual magic.
Nothing appears to happen.
The bat completely misses you. The bat barely misses you.
Unknown command.
Casting: Corona (safe; 10% risk of failure)
Confirm with . or Enter, or press ? or * to list all spells.
Aiming: Corona (safe; 10% risk of failure)
Press: ? - help, Shift-Dir - straight line, f/p - bat
Aim: a bat (chance to defeat MR: 59%)
The bat is outlined in light.
The bat hits you. The bat closely misses you.
Unknown command.
You hit the bat.
The bat is severely wounded.
The bat hits you. The bat closely misses you.
You barely miss the bat.
The bat is severely wounded.
The bat barely misses you. The bat misses you.
You closely miss the bat.
The bat is severely wounded.
The bat closely misses you. x2
You hit the bat.
You kill the bat!
Casting: Corona (safe; 10% risk of failure)
Confirm with . or Enter, or press ? or * to list all spells.
Aiming: Corona (safe; 10% risk of failure)
Press: ? - help, Shift-Dir - straight line, f - goblin
Aim: a goblin (chance to defeat MR: 59%)
The goblin struggles to resist.
The goblin barely misses you.
You barely miss the goblin. The goblin barely misses you. The goblin hits you.
You closely miss the goblin. The goblin closely misses you.
You miss the goblin. The goblin closely misses you.
You barely miss the goblin. The goblin barely misses you.
You closely miss the goblin. The goblin hits you.
You closely miss the goblin. The goblin misses you.
You completely miss the goblin. The goblin hits you.
* * * LOW HITPOINT WARNING * * *
The frilled lizard hisses.
Casting: Corona (safe; 10% risk of failure)
Confirm with . or Enter, or press ? or * to list all spells.
Aiming: Corona (safe; 10% risk of failure)
Press: ? - help, Shift-Dir - straight line, f/p - goblin
Aim: a goblin (chance to defeat MR: 59%)
The goblin is outlined in light.
The goblin hits you.
* * * LOW HITPOINT WARNING * * *
Unknown command.
You closely miss the goblin. The goblin hits you but does no damage.
Unknown command.
You barely miss the goblin. The goblin closely misses you.
Unknown command.
You barely miss the goblin. The goblin closely misses you.
Unknown command.
You completely miss the goblin. The goblin hits you.
You die...

.........#...#
#...%...
.........##+##
#....... ....l...)##.
#....... .........##.#
######.. .........##.#
##...#.. .........##.#
##.8.#.. ########l##.#
##...#.. #g##.#
######..
#####@##.#############
#.................# #
#.####.#.########.# #
#.#.# #.# #...# #.#
##..# #.# #..# #.####
#..# #..... ##>#
######


You could see a goblin and a frilled lizard.

Vanquished Creatures
  A goblin (D:1)
  2 hobgoblins (D:1)
  A bat (D:1)
  A frilled lizard (D:1)
5 creatures vanquished.

Notes
Turn   | Place    | Note
-------+----------+-------------------------------------------
     0 | D:1      | Amnesiac the Mummy Arcane Marksman began the quest for the
                  | Orb.
     0 | D:1      | Reached XP level 1. HP: 15/15 MP: 2/2
   250 | D:1      | Slain by a goblin

Vault maps used:
D:1:      minmay_arrival_glassed_features

Action                   || total
-------------------------++-------
Melee: Whip              ||    28
 Fire: Hand crossbow     ||     1
Throw: Throwing net      ||     1
 Cast: Corona            ||     3
Armor: Robe              ||     4
Dodge: Dodged            ||    28

Table legend:
 A = Non-vault XP
 B = Vault XP
 C = Vault XP percentage of total XP
 D = Non-vault monster count
 E = Vault monster count
 F = Vault count percentage of total count
                 A         B        C        D         E       F
            +---------+---------+-------+---------+---------+-------
      Total |       8 |       0 |   0.0 |       5 |       0 |   0.0
            +---------+---------+-------+---------+---------+-------
        D:1 |       8 |       0 |   0.0 |       5 |       0 |   0.0
            +---------+---------+-------+---------+---------+-------
